 Dungeon Crawl Stone Soup version 0.25-a0-614-g73ad250637 (webtiles) character file.

Game seed: 14367668299102266003, levelgen mode: deterministic

495 n0claF the Poker (level 6, -1/62 HPs)
             Began as a Troll Fighter on Mar 17, 2020.
             Killed from afar by an electric eel (12 damage)
             ... with a bolt of electricity
             ... on level 6 of the Dungeon.
             The game lasted 00:06:45 (2459 turns).

n0claF the Poker (Troll Fighter)                    Turns: 2459, Time: 00:06:46

Health: -1/62      AC:  6    Str: 27    XL:     6   Next: 92%
Magic:  5/5        EV:  9    Int:  4    God:
Gold:   174        SH:  9    Dex:  9    Spells: 5/5 levels left

rFire    . . .     SeeInvis .   a - +0 trident
rCold    . . .     Gourm    +   c - +0 kite shield
rNeg     . . .     Faith    .   b - +0 robe
rPois    .         Spirit   .   (helmet restricted)
rElec    .         Reflect  .   g - scarf {cloud immunity}
rCorr    .         Harm     .   (gloves unavailable)
MR       .....                  (boots unavailable)
Stlth    +.........             (no amulet)
HPRegen  0.60/turn              (no ring)
MPRegen  0.09/turn              (no ring)

@: very slow
A: large, unfitting armour, claws 3, fast metabolism 3, gourmand, regeneration
1, shaggy fur 1, tough skin 3
a: no special abilities


You were on level 6 of the Dungeon.
You were completely stuffed.

You visited 1 branch of the dungeon, and saw 6 of its levels.

You collected 174 gold pieces.

Inventory:

Hand Weapons
 a - a +0 trident (weapon)
Armour
 b - a +0 robe (worn)
 c - a +0 kite shield (worn)
 g - a scarf of cloud immunity (worn)
   (You found it on level 1 of the Dungeon)
Jewellery
 l - an uncursed ring of flight {unknown}
   (You found it on level 1 of the Dungeon)
 q - a cursed ring of attention {unknown}
   (You found it on level 2 of the Dungeon)
Wands
 v - a wand of scattershot (5)
   (You found it on level 4 of the Dungeon)
Scrolls
 f - 5 scrolls of identify {unknown}
 j - 3 scrolls of remove curse {unknown}
 k - 2 scrolls of teleportation {unknown}
 m - a scroll of enchant armour {unknown}
 o - a scroll of enchant weapon {unknown}
 p - a scroll of fog {unknown}
 s - a scroll of fear {unknown}
 u - 2 scrolls of immolation {unknown}
Potions
 d - 2 potions of might
 h - 3 potions of flight {unknown}
 i - a potion of berserk rage {unknown}
 n - a potion of curing {unknown}
 r - 2 potions of invisibility {unknown}
 t - a potion of degeneration {unknown}
 w - a potion of heal wounds {unknown}
Comestibles
 e - 10 rations {!d}
 x - a chunk of flesh


   Skills:
 + Level 3.8 Fighting
 * Level 4.5 Polearms
 + Level 3.8 Dodging
 - Level 2.4 Shields


You had 5 spell levels left.
You didn't know any spells.
Your spell library was empty.

Dungeon Overview and Level Annotations

Branches:
Dungeon (7/15)
 Temple: D:4-7

Altars:
Makhleb


Innate Abilities, Weirdness & Mutations

You are too large for most types of armour.
You have claws for hands.
Your metabolism is lightning-fast.
You like to eat raw meat.
Your natural rate of healing is unusually fast.
You are covered in fur. (AC +1)
You have extremely tough skin. (AC +3)


Message History

You see here a dart slug corpse.
You see here a dart slug corpse.
Eating one of 6 chunks of flesh.
You eat one of the 6 chunks of flesh.
This raw flesh tastes great.
You butcher the dart slug corpse.
x - 6 chunks of flesh (gained 1)
Found a brass ring.
A dart slug comes into view.
Attack whom?
Aim: a dart slug (resting)
You reach to attack!
The helpless dart slug fails to defend itself.
You puncture the dart slug!
You kill the dart slug!
No target in view! 2 dart slugs come into view.
Found a pair of gloves.
Found a stone staircase leading up.
You see here a dart slug corpse.
There are monsters nearby!
Unknown command.
You enter the shallow water.
Moving in this stuff is going to be slow.
An electric eel and a dart slug come into view.
The electric eel shoots out a bolt of lightning at you!
The bolt of electricity hits you! The dart slug launches a dart at you.
You block the slug dart. The dart slug launches a dart at you.
The slug dart hits you but does no damage.
The electric eel shoots out a bolt of lightning at you!
The bolt of electricity hits you. The bolt of electricity hits you!
You puncture the dart slug!
The dart slug bites you but does no damage.
Some of the chunks of flesh in your inventory have rotted away.
You hit the dart slug.
You kill the dart slug!
The dart slug launches a dart at you. The slug dart hits you.
The electric eel shoots out a bolt of lightning at you!
The bolt of electricity hits you!
* * * LOW HITPOINT WARNING * * *
The bolt of electricity hits you!
* * * LOW HITPOINT WARNING * * *
There are monsters nearby!
You hit the dart slug.
The electric eel shoots out a bolt of lightning at you!
The bolt of electricity hits you!
* * * LOW HITPOINT WARNING * * *
The bolt of electricity hits you!
You die...

.....# ..≈≈..=..<⌠.[
.....# #w≈≈..≈≈...≈#.≈≈
.....# #≈≈≈≈≈≈#≈≈≈≈≈≈≈≈
.....#####≈≈≈≈≈≈≈≈#≈≈≈≈
.(.........≈≈≈≈≈≈≈≈≈≈##
.....###..#≈≈≈≈≈≈≈≈≈≈≈≈≈
.....# #.###≈≈≈≈;≈≈≈#≈≈#
###### #..###†≈≈≈≈≈≈≈.#
##.#..##≈@w≈≈#.
#...#####.### ##### ...
####


You could see an electric eel and 2 dart slugs.

Vanquished Creatures
  2 ogres (D:7)
  A centaur (D:7)
  A bullfrog (D:7)
  A hound (D:2)
  An orc wizard (D:7)
  A worker ant (D:7)
  An adder (D:7)
  An ooze (D:1)
  An adder zombie (D:6)
  2 worms
  6 dart slugs
  4 leopard geckos
  2 orcs (D:7)
  2 giant cockroaches (D:1)
  3 goblins
  10 hobgoblins
  A quokka (D:2)
  A ball python (D:1)
  6 bats
  A frilled lizard (D:2)
  12 kobolds
  4 rats
64 creatures vanquished.

Notes
Turn   | Place    | Note
-------+----------+-------------------------------------------
     0 | D:1      | n0claF the Troll Fighter began the quest for the Orb.
     0 | D:1      | Reached XP level 1. HP: 22/22 MP: 0/0
    70 | D:1      | Reached skill level 2 in Polearms
    70 | D:1      | Reached XP level 2. HP: 29/29 MP: 1/1
   479 | D:1      | Reached XP level 3. HP: 36/36 MP: 2/2
  1152 | D:2      | Found a burning altar of Makhleb.
  1165 | D:2      | Reached XP level 4. HP: 33/45 MP: 3/3
  1842 | D:3      | Reached skill level 3 in Polearms
  1969 | D:4      | You fall into a shaft and drop 3 floors!
  2106 | D:7      | Noticed an ogre
  2117 | D:7      | Killed an ogre
  2117 | D:7      | Reached XP level 5. HP: 47/53 MP: 4/4
  2143 | D:7      | Reached XP level 6. HP: 51/61 MP: 5/5
  2204 | D:7      | Reached skill level 4 in Polearms
  2459 | D:6      | Killed from afar by an electric eel

Levels and vault maps discovered:
D:1:      lightli_molten_gateway, layout_basic
D:2:      layout_rooms, makhleb_heckhound_becter
D:3:      layout_loops_ring
D:4:      layout_cave_pools, nicolae_overflow_crystal_walls, first_ration,
          st_stairs_8
D:6:      kennysheep_slugbush, layout_basic, uniq_eustachio
D:7:      layout_loops_ring, minmay_diced_spiral

Skill      XL: |  1  2  3  4  5  6 |
---------------+-------------------+-----
Polearms       | 2 3 4 |  4.5
Fighting       | 3 |  3.8
Dodging        | 3 |  3.8
Shields        | |  2.4

Action                   |  1- 3 |  4- 6 || total
-------------------------+-------+-------++-------
Melee: Trident           |   135 |   121 ||   256
  Use: Potion            |       |     1 ||     1
 Stab: Sleeping          |     2 |     1 ||     3
  Eat: Chunk             |    17 |    12 ||    29
Armor: Robe              |    43 |    29 ||    72
Dodge: Dodged            |    20 |    30 ||    50
Block: Kite shield       |    43 |    46 ||    89

Table legend:
 A = Non-vault XP
 B = Vault XP
 C = Vault XP percentage of total XP
 D = Non-vault monster count
 E = Vault monster count
 F = Vault count percentage of total count
                 A         B        C        D         E       F
            +---------+---------+-------+---------+---------+-------
      Total |     654 |      54 |   7.6 |      60 |       4 |   6.2
            +---------+---------+-------+---------+---------+-------
        D:1 |      52 |       0 |   0.0 |      26 |       0 |   0.0
        D:2 |      37 |      42 |  53.2 |      17 |       1 |   5.6
        D:3 |      14 |       0 |   0.0 |       6 |       0 |   0.0
        D:6 |       5 |      12 |  70.6 |       1 |       3 |  75.0
        D:7 |     546 |       0 |   0.0 |      10 |       0 |   0.0
            +---------+---------+-------+---------+---------+-------
